 Dungeon Crawl Stone Soup version 0.29-a0-459-g97dee8cd24 (webtiles) character file.

Game seed: 1873762395369695012

5636 xian the Destroyer (level 10, -9/80 HPs)
             Began as a Pale Draconian Conjurer on May 21, 2022.
             Was a Believer of Sif Muna.
             Mangled by a freezing wraith (11 damage)
             ... on level 9 of the Dungeon.
             The game lasted 00:37:05 (9416 turns).

xian the Destroyer (Pale Draconian Conjurer)        Turns: 9416, Time: 00:37:05

Health: -9/80      AC: 15    Str: 10    XL:     10   Next: 46%
Magic:  6/22       EV: 17    Int: 23    God:    Sif Muna [**....]
Gold:   441        SH:  0    Dex:  9    Spells: 15/25 levels left

rFire   . . .      SeeInvis .   B - +4 quarterstaff (chaos)
rCold   . . .      Faith    .   (shield currently unavailable)
rNeg    . . .      Spirit   .   (body armour unavailable)
rPois   .          Reflect  .   (helmet restricted)
rElec   .          Harm     .   A - +2 cloak {Will+}
rCorr   .          Rampage  .   z - +2 pair of gloves
Will    +....                   t - +1 pair of boots
Stlth   +++.......              (no amulet)
HPRegen 0.23/turn               D - ring of wizardry
MPRegen 0.18/turn               o - +4 ring of evasion

@: slowed, very slow
A: breathe steam, AC +7, unfitting armour, cold-blooded, steam resistance
a: Breathe Steam, Renounce Religion, Channel Magic


You were on level 9 of the Dungeon.
You worshipped Sif Muna.
Sif Muna was pleased with you.
You visited 2 branches of the dungeon, and saw 10 of its levels.

You collected 441 gold pieces.

Inventory:

Hand Weapons
 j - a +2 dagger of draining
 B - a +4 quarterstaff of chaos (weapon)
 I - a +4 long sword of electrocution
Missiles
 r - 2 throwing nets
Armour
 t - a +1 pair of boots (worn)
 z - a +2 pair of gloves (worn)
 A - a +2 cloak of willpower (worn)
 G - an orb of energy
Jewellery
 i - a +4 ring of slaying
 o - a +4 ring of evasion (right hand)
 D - a ring of wizardry (left hand)
Wands
 p - a wand of paralysis (10)
 w - a wand of acid (5)
 H - a wand of polymorph (9)
Scrolls
 b - 3 scrolls of poison {unknown}
 f - 5 scrolls of enchant weapon
 h - 5 scrolls of teleportation
 k - a scroll of fear
 m - 2 scrolls of silence {unknown}
 n - a scroll of amnesia {unknown}
 s - a scroll of noise {unknown}
 y - a scroll of blinking {unknown}
 C - 2 scrolls of immolation {unknown}
 F - a scroll of magic mapping {unknown}
 J - a scroll of identify
Potions
 a - a potion of magic
 c - a potion of haste
 d - 3 potions of berserk rage
 e - a potion of might
 l - 2 potions of brilliance
 q - 3 potions of curing
 u - 5 potions of lignification {unknown}
 v - a potion of resistance {unknown}
 x - a potion of degeneration {unknown}
 E - 2 potions of flight {unknown}


   Skills:
 + Level 4.5 Fighting
 + Level 1.6 Short Blades
 + Level 5.4 Staves
 + Level 5.7 Dodging
 + Level 5.3 Stealth
 + Level 0.5 Unarmed Combat
 + Level 8.0 Spellcasting
 + Level 8.7 Conjurations


You had 15 spell levels left.
You knew the following spells:

 Your Spells              Type           Power      Damage    Failure   Level
a - Magic Dart            Conj           100%       1d8       1%          1
b - Searing Ray           Conj           98%        2d8       1%          2
c - Iskenderun's Mystic   Conj/Tloc      29%        2d7       4%          4
d - Call Canine Familiar  Summ           9%         N/A       9%          3

Your spell library contained the following spells:

 Spells                   Type           Power      Damage    Failure   Level
 Dazzling Flash           Conj/Hex       58%        N/A       1%          3
 Apportation              Tloc           18%        N/A       2%          1
 Summon Small Mammal      Summ           36%        N/A       2%          1
 Scorch                   Fire           18%        2d5       4%          2
 Flame Wave               Conj/Fire      29%        2d8       4%          4
 Fulminant Prism          Conj/Hex       14%        3d9       4%          4
 Summon Guardian Golem    Hex/Summ       9%         N/A       9%          3
 Alistair's Intoxication  Tmut/Pois      6%         N/A       56%         5
 Summon Cactus Giant      Summ           4%         N/A       98%         6


Dungeon Overview and Level Annotations

Branches:
Dungeon (9/15)             Temple (1/1) D:4
   Lair: D:8-11         Orc: D:9-12

Altars:
Ashenzari
Cheibriados
Dithmenos
Elyvilon
Fedhas
Gozag
Hepliaklqana
Kikubaaqudgha
Makhleb
Nemelex Xobeh
Okawaru
Qazlal
Ru
Sif Muna
Trog
Uskayaw
Wu Jian
Xom
Yredelemnul
Zin
The Shining One

Shops:
D:6 (

Annotations:
D:9 soylentgreeen202's ghost, novice DDNe


Innate Abilities, Weirdness & Mutations

You can breathe blasts of scalding, opaque steam.
Your pale cyan-grey scales are hard. (AC +7)
You cannot fit into any form of body armour.
You are cold-blooded and may be slowed by cold attacks.
You are immune to the effects of steam.


Message History

The freezing wraith is knocked back by the mystic blast.
The freezing wraith misses you.
The freezing wraith hits you but does no damage.
Casting: Iskenderun's Mystic Blast (dangerous; 4% risk of failure)
Confirm with . or Enter, or press ? or * to list all spells.
You don't know that spell.
Unknown command.
The freezing wraith is engulfed in a cloud of scalding steam.
The freezing wraith closely misses you.
The freezing wraith hits you but does no damage.
The freezing wraith attacks as you move away!
The freezing wraith closely misses you.
The freezing wraith hits you but does no damage.
You feel yourself speed up.
The freezing wraith closely misses you. x2
The freezing wraith attacks as you move away!
The freezing wraith hits you but does no damage. x2
Casting: Iskenderun's Mystic Blast (dangerous; 4% risk of failure)
Confirm with . or Enter, or press ? or * to list all spells.
You don't know that spell.
Unknown command.
Casting: Iskenderun's Mystic Blast (dangerous; 4% risk of failure)
Confirm with . or Enter, or press ? or * to list all spells.
You erupt in a blast of force!
The mystic blast hits the freezing wraith!
The freezing wraith is almost destroyed.
The freezing wraith is knocked back by the mystic blast.
There is an open door, spattered with blood here.
Casting: Iskenderun's Mystic Blast (dangerous; 4% risk of failure)
Confirm with . or Enter, or press ? or * to list all spells.
Aiming: Magic Dart (safe; 1% risk of failure)
Press: ? - help, Shift-Dir - straight line, f/p - soylentgreeen202's ghost
Aim: soylentgreeen202's ghost, wielding a weapon of pain (heavily damaged, 100% to hit)
The magic dart hits the freezing wraith!
The freezing wraith is almost destroyed.
The freezing wraith attacks as you move away!
The freezing wraith hits you.
* * * LOW HITPOINT WARNING * * *
The freezing wraith freezes you!
You feel yourself slow down.
You die...

#............'...$8#..
#########....'.W.|.#..
###..W#..'...$8#'#
#...###..#.....#.# #W###
####.#!#.#.# #.#
#######.# #W# #####'##
###W##### #.....(.
#..@....# #.......
####..<....### #.......
...'.......'.###.......
..###.......#...'.......
####'########....... #.#
#....... #.# #######+
#.# #.#


You could see 2 freezing wraiths and soylentgreeen202's ghost.

Vanquished Creatures
  Pikel (D:7)
  An ugly thing (D:8)
  A kobold demonologist (D:8)
  A komodo dragon (D:6)
  A troll (D:8)
  A wyvern (D:8)
  A wraith (D:9)
  2 yaks (D:8)
  A swamp worm (D:8)
  A water moccasin (D:6)
  3 orc warriors
  An ice beast (D:8)
  4 sky beasts
  A centaur (D:8)
  2 ogres (D:6)
  2 lemures (D:7)
  A phantom (D:7)
  3 gnoll sergeants (D:8)
  2 bullfrogs
  A necrophage (D:6)
  2 scorpions
  6 wights (D:8)
  11 killer bees
  A howler monkey (D:9)
  A hound (D:5)
  A jelly (D:5)
  A gnoll shaman (D:7)
  2 orc priests
  Crazy Yiuf (D:4)
  3 iguanas
  10 orc wizards
  6 adders
  18 gnolls
  2 white imps
  An ufetubus (D:5)
  A worm (D:2)
  A dart slug (D:2)
  28 orcs
  5 endoplasms
  A giant cockroach (D:3)
  A goblin (D:1)
  4 hobgoblins
  4 jackals (D:1)
  3 quokkas
  8 ball pythons
  4 bats
  5 frilled lizards
  7 kobolds
  A rat (D:2)
  A bush (Temple)
171 creatures vanquished.

Vanquished Creatures (others)
  3 plants (D:8)
3 creatures vanquished.

Grand Total: 174 creatures vanquished

Notes
Turn   | Place    | Note
-------+----------+-------------------------------------------
     0 | D:1      | xian the Draconian Conjurer began the quest for the Orb.
     0 | D:1      | Reached XP level 1. HP: 14/14 MP: 3/3
   284 | D:1      | Reached XP level 2. HP: 10/20 MP: 0/5
   838 | D:1      | Found a faded altar of an unknown god.
   979 | D:2      | Learned a level 2 spell: Searing Ray
  1041 | D:2      | Reached XP level 3. HP: 19/26 MP: 1/6
  1322 | D:2      | Reached XP level 4. HP: 21/33 MP: 2/7
  1819 | D:2      | Reached skill level 1 in Fighting
  2236 | D:3      | Reached skill level 5 in Conjurations
  2495 | D:3      | You fall into a shaft and drop 3 floors!
  2522 | D:6      | Found Odoacoro's Antique Weapon Boutique.
  2524 | D:6      | Noticed a necrophage
  2536 | D:6      | Killed a necrophage
  2537 | D:6      | Reached XP level 5. HP: 40/40 MP: 0/9
  2763 | D:6      | Reached skill level 1 in Short Blades
  2969 | D:6      | Noticed a komodo dragon
  2986 | D:5      | Entered Level 5 of the Dungeon
  2991 | D:5      | Reached XP level 6. HP: 35/48 MP: 3/11
  3351 | D:5      | Learned a level 4 spell: Iskenderun's Mystic Blast
  4232 | D:4      | Found a staircase to the Ecumenical Temple.
  4238 | Temple   | Entered the Ecumenical Temple
  4313 | Temple   | Became a worshipper of Sif Muna the Loreminder
  4709 | D:4      | Found a runed translucent door.
  4710 | D:4      | Noticed Crazy Yiuf
  5007 | D:4      | Your scales start taking on a pale cyan-grey colour.
  5007 | D:4      | Reached XP level 7. HP: 53/53 MP: 9/13
  5007 | D:4      | Gained mutation: You are immune to the effects of steam.
                  | [Pale Draconian growth]
  5431 | D:4      | Killed Crazy Yiuf
  5971 | D:6      | Killed a komodo dragon
  5972 | D:6      | Reached skill level 5 in Spellcasting
  6255 | D:6      | Reached XP level 8. HP: 53/61 MP: 15/15
  6370 | D:6      | Learned a level 3 spell: Call Canine Familiar
  6824 | D:7      | Noticed Pikel
  6842 | D:7      | Killed Pikel
  6843 | D:7      | Reached skill level 1 in Staves
  7059 | D:7      | Reached XP level 9. HP: 68/68 MP: 18/18
  7061 | D:7      | Reached * piety under Sif Muna
  7964 | D:8      | Reached ** piety under Sif Muna
  7991 | D:8      | Noticed a troll
  8001 | D:8      | Killed a troll
  8177 | D:8      | Noticed a cyan ugly thing
  8260 | D:8      | Reached skill level 5 in Stealth
  8272 | D:8      | Noticed a kobold demonologist
  8290 | D:8      | Reached XP level 10. HP: 27/78 MP: 13/21
  8295 | D:8      | Reached skill level 5 in Dodging
  8316 | D:8      | Killed a cyan ugly thing
  8326 | D:8      | Reached skill level 5 in Staves
  8780 | D:9      | Found a runed translucent gate.
  8780 | D:9      | Found a runed translucent gate.
  8785 | D:9      | Found a runed translucent gate.
  8787 | D:9      | Noticed soylentgreeen202's ghost (novice DDNe)
  9403 | D:9      | HP: 1/80 [freezing wraith (22)]
  9416 | D:9      | HP: 2/80 [freezing wraith (3)]
  9416 | D:9      | Mangled by a freezing wraith

Illustrated notes

Levels and vault maps discovered:
D:1:      ncdulo_watergridlock, layout_rooms,
          hellmonk_ecumenical_altar_inner_sanctum
D:2:      layout_rooms, kennysheep_potato
D:3:      layout_basic, kennysheep_generic_room_14
D:4:      layout_loops_corners, temple_statues, minmay_misc_feat_hallway,
          uniq_crazy_yiuf_cottage
D:5:      layout_loops_ring
D:6:      layout_loops_cross, serial_shops, nicolae_shop_trees,
          grunt_ministairs_8
D:7:      layout_basic, uniq_pikel
D:8:      minmay_clustersquares, layout_loops_ring,
          hangedman_decor_clover_reticule, worms_lemuel
D:9:      layout_roguey, gammafunk_ghost_spectres
Temple:   mainiacjoe_temple_circle_huts

Skill      XL: |  1  2  3  4  5  6  7  8  9 10 |
---------------+-------------------------------+-----
Stealth        | 2 3 4 5 |  5.3
Dodging        | 2 3 4 5 |  5.7
Fighting       | 1 2 3 4 |  4.5
Conjurations   | 5 6 7 8 |  8.7
Spellcasting   | 3 4 5 6 7 8 |  8.0
Short Blades   | 1 |  1.6
Staves         | 1 4 5 |  5.4
Unarmed Combat | |  0.5

Action                   |  1- 3 |  4- 6 |  7- 9 | 10-12 || total
-------------------------+-------+-------+-------+-------++-------
Melee: Unarmed           |    14 |       |       |       ||    14
       Tailslap          |     6 |    25 |     6 |     1 ||    38
       Dagger            |    15 |    74 |       |       ||    89
       Punch             |       |     1 |       |       ||     1
       Quarterstaff      |       |       |    47 |    18 ||    65
 Cast: Magic Dart        |    45 |    88 |    70 |     5 ||   208
       Searing Ray       |     1 |     9 |    16 |    13 ||    39
       Iskenderun's Myst |       |       |       |     6 ||     6
 Abil: Breathe Steam     |       |       |    30 |    10 ||    40
  Use: Scroll            |       |     5 |     3 |     1 ||     9
       Potion            |       |       |       |     4 ||     4
Armor: Skin              |    14 |    12 |    36 |    47 ||   109
Dodge: Dodged            |    38 |    22 |   113 |    85 ||   258

Table legend: (Time is in decaauts)
 A = Elapsed time spent in this place.
 B = Non-inter-level travel time spent in this place.
 C = Inter-level travel time spent in this place.
 D = Time resting spent in this place.
 E = Time spent auto-exploring this place.
 F = Levels seen in this place.
 G = Mean time per level.
                   A        B        C        D        E       F      G
               +--------+--------+--------+--------+--------+-----+--------+
         Total |   9456 |   9162 |    294 |    606 |   6669 |  10 |  945.6 |
       Dungeon |   9055 |   8761 |    294 |    606 |   6472 |   9 | 1006.1 |
        Temple |    400 |    400 |      0 |      0 |    197 |   1 |  400.0 |
               +--------+--------+--------+--------+--------+-----+--------+

Top non-repeatable levels by time:
     D:6: 1344 daAuts
     D:8: 1326 daAuts
     D:5: 1175 daAuts
     D:2: 1032 daAuts
     D:1: 1022 daAuts
     D:4: 995 daAuts
     D:7: 817 daAuts
     D:3: 683 daAuts
     D:9: 658 daAuts
  Temple: 400 daAuts
